 Dungeon Crawl Stone Soup version 0.30-a0-629-gd54f4be4f7 (webtiles) character file.

Game seed: 5419064326527576280

5496 ryw the Cleaver (level 10, -2/118 HPs)
             Began as a Gnoll Reaver on Jan 12, 2023.
             Was a Believer of Makhleb.
             Slain by a manticore (20 damage)
             ... on level 9 of the Dungeon.
             The game lasted 00:18:05 (7967 turns).

ryw the Cleaver (Gnoll Reaver)                      Turns: 7967, Time: 00:18:05

Health: -2/118     AC: 11    Str: 13    XL:     10   Next: 69%
Magic:  18/21      EV: 13    Int: 16    God:    Makhleb [**....]
Gold:   519        SH:  5    Dex: 14    Spells: 12/24 levels left

rFire   . . .      SeeInvis .    a - +4 trident "Beetlebane" {holy, Will++ Stlth+}
rCold   + . .      Faith    .    c - orb {*Rage}
rNeg    . . .      Spirit   .    r - +1 ring mail of the Tundras {rPois rC+ Slay+5}
rPois   +          Reflect  +    p - +2 hat
rElec   +          Harm     .    B - scarf {+Inv}
rCorr   .          Rampage  .    (no gloves)
Will    ++...      Rage     20%  k - +1 pair of boots Stlth
                                 d - amulet of reflection
HPRegen 0.39/turn                u - ring of Luekhlemo {Fly rElec Dex+4}
MPRegen 0.17/turn                q - ring of wizardry

@: berserking, confusing by touch, flying, very quick
A: fangs 1, strong nose, distributed training
a: Renounce Religion, Evoke Invisibility, Minor Destruction


You were on level 9 of the Dungeon.
You worshipped Makhleb.
Makhleb was pleased with you.
You visited 2 branches of the dungeon, and saw 10 of its levels.

You collected 663 gold pieces.
You spent 144 gold pieces at shops.

Inventory:

Hand Weapons
 a - the +4 trident "Beetlebane" (weapon) {holy, Will++ Stlth+}
   (You found it on level 4 of the Dungeon)

   Will:      It greatly increases your willpower.
   Stlth:     It makes you more stealthy.
 b - the +6 sling of Dung {drain, *Slow rC+ Int+7}
   (You found it on level 7 of the Dungeon)

   Int:       It affects your intelligence (+7).
   rC:        It protects you from cold.
   *Slow:     It may slow you when you take damage.
Missiles
 x - 2 javelins
Armour
 c - an orb of wrath (worn)
 k - a +1 pair of boots (worn)
 p - a +2 hat (worn)
 r - the +1 ring mail of the Tundras (worn) {rPois rC+ Slay+5}
   (You found it on level 4 of the Dungeon)

   Slay:      It affects your accuracy & damage with ranged weapons and melee
   (+5).
   rC:        It protects you from cold.
   rPois:     It protects you from poison.
 y - a +0 buckler
 B - a scarf of invisibility (worn)
Jewellery
 d - an amulet of reflection (around neck)
 q - a ring of wizardry (right hand)
 t - a ring of poison resistance
 u - the ring of Luekhlemo (left hand) {Fly rElec Dex+4}
   (You found it on level 4 of the Dungeon)

   [ring of flight]

   Dex:       It affects your dexterity (+4).
   rElec:     It insulates you from electricity.
   Fly:       It grants you flight.
 v - a +6 ring of dexterity
Wands
 i - a wand of digging (14)
 s - a wand of flame (28)
 F - a wand of charming (12)
Scrolls
 e - a scroll of teleportation
 f - 3 scrolls of amnesia
 j - 3 scrolls of fog
 n - a scroll of fear
 C - a scroll of enchant armour
 H - a scroll of enchant weapon
Potions
 g - 2 potions of mutation
 h - a potion of haste
 l - 3 potions of curing
 m - a potion of resistance {unknown}
 w - 2 potions of invisibility
 z - a potion of flight
 A - a potion of might
 D - 3 potions of ambrosia
 E - a potion of cancellation
 G - 3 potions of lignification


   Skills:
 + Level 7.4 Fighting
 + Level 5.7 Short Blades
 + Level 5.7 Long Blades
 + Level 8.8 Axes
 + Level 5.7 Maces & Flails
 + Level 5.7 Polearms
 + Level 5.7 Staves
 + Level 5.7 Ranged Weapons
 + Level 5.7 Throwing
 + Level 5.7 Armour
 + Level 7.4 Dodging
 + Level 5.7 Stealth
 + Level 5.7 Shields
 + Level 5.7 Unarmed Combat
 + Level 7.7 Spellcasting
 + Level 7.3 Conjurations
 + Level 4.7 Hexes
 + Level 4.7 Summonings
 + Level 4.7 Necromancy
 + Level 4.7 Translocations
 + Level 4.7 Transmutations
 + Level 4.7 Fire Magic
 + Level 4.7 Ice Magic
 + Level 4.7 Air Magic
 + Level 4.7 Earth Magic
 + Level 4.7 Poison Magic
 + Level 6.3 Invocations
 + Level 5.7 Evocations


You had 12 spell levels left.
You knew the following spells:

 Your Spells              Type           Power      Damage    Failure   Level
a - Confusing Touch       Hex            21%        N/A       4%          3
b - Momentum Strike       Conj/Tloc      50%        3d9       1%          2
c - Hailstorm             Conj/Ice       25%        3d7       2%          3
d - Dispel Undead         Necr           21%        3d11      13%         4

Your spell library contained the following spells:

 Spells                   Type           Power      Damage    Failure   Level
 Apportation              Tloc           42%        N/A       1%          1
 Kiss of Death            Conj/Necr      100%       2d13      1%          1
 Sandblast                Erth           42%        2d11      1%          1
 Passwall                 Tmut/Erth      17%        N/A       1%          2
 Scorch                   Fire           42%        2d7       1%          2
 Stone Arrow              Conj/Erth      50%        3d10      2%          3
 Flame Wave               Conj/Fire      25%        2d8       8%          4
 Manifold Assault         Tloc           21%        N/A       13%         4
 Alistair's Intoxication  Tmut/Pois      14%        N/A       32%         5
 Dispersal                Tloc           10%        N/A       86%         6
 Summon Cactus Giant      Summ           10%        N/A       86%         6
 Disjunction              Tloc           10%        N/A       100%        8


Dungeon Overview and Level Annotations

Branches:
Dungeon (9/15)             Temple (1/1) D:6            Lair (0/5) D:8
    Orc (0/2) D:9

Altars:
Ashenzari
Cheibriados
Elyvilon
Fedhas
Gozag
Hepliaklqana
Kikubaaqudgha
Makhleb
Ru
Sif Muna
Trog
Uskayaw
Vehumet
Wu Jian
Yredelemnul
The Shining One

Shops:
D:5 [   D:7 =

Annotations:
D:2 1 runed translucent door, Crazy Yiuf
D:3 3 runed translucent doors, baller8008's ghost, amateur HOFi
D:9 1 runed translucent door


Innate Abilities, Weirdness & Mutations

You have very sharp teeth.
Your uncanny sense of smell can sniff out nearby items.
Your experience applies equally to all skills.


Message History

The manticore is moderately wounded.
The manticore closely misses you. x2; You block the manticore's attack.
You hit the manticore but do no damage.
The manticore is moderately wounded.
You are no longer robbed of momentum.
You block the manticore's attack. The manticore barely misses you.
The manticore claws you.
* * * LOW HITPOINT WARNING * * *
You completely miss the manticore.
The manticore is moderately wounded.
You hit the manticore but do no damage.
The manticore is moderately wounded.
The manticore bites you but does no damage.
The manticore claws you but does no damage. x2
You closely miss the manticore.
The manticore is moderately wounded.
The manticore barely misses you. The manticore claws you.
* * * LOW HITPOINT WARNING * * *
The manticore claws you!
* * * LOW HITPOINT WARNING * * *
You hit the manticore but do no damage. You bite the manticore!
The manticore is heavily wounded.
The manticore bites you but does no damage.
The manticore misses you. The manticore closely misses you.
You hit the manticore but do no damage. Your bite misses the manticore.
The manticore is heavily wounded.
You hit the manticore but do no damage.
The manticore is heavily wounded.
The manticore closely misses you. The manticore completely misses you.
You block the manticore's attack.
You completely miss the manticore.
The manticore is heavily wounded.
The manticore barely misses you. The manticore closely misses you.
The manticore completely misses you.
You hit the manticore but do no damage.
The manticore is heavily wounded.
You barely miss the manticore.
The manticore is heavily wounded.
The manticore bites you!!
You die...

....# #..........########.#.
....# #..(................#.
....# #..#'########.......#.
...># ##.#..# #.......#.
....# #.#..# ∆ #.......#.
....#########.##'# #.#####.#.
..............#..#∆ #.# #.+.
..............#..# ∆ #.# #.##
..............##@# #.. #...
..............#.H+B.+ #.#.
#... #####.......).#..#..#
#.#.###...
#..#####))##########.........
#..# #.....................
#..# #.....................
#..# #.....................
#..# #.....>.###########[..
#..#####.......# .......'...


You could see a boulder beetle and a manticore.

Vanquished Creatures
  A two-headed ogre (D:9)
  Grinder (D:5)
  Sigmund (D:4)
  A spriggan (D:8)
  5 yaks (D:9)
  2 steam dragons (D:8)
  2 water moccasins
  5 orc warriors
  A sky beast (D:7)
  An ice beast (D:6)
  4 ogres
  A phantom (D:5)
  2 bullfrogs
  2 kobold brigands
  2 gnoll sergeants
  6 scorpions
  5 wights (D:4)
  3 killer bees (D:9)
  3 howler monkeys
  An orc priest (D:3)
  3 jellies
  4 hounds
  4 iguanas
  13 orc wizards
  7 gnolls
  10 adders
  A shadow imp (D:6)
  A white imp (D:5)
  An ufetubus (D:7)
  A worm (D:2)
  A dart slug (D:2)
  37 orcs
  4 endoplasms
  4 giant cockroaches
  2 goblins (D:3)
  3 hobgoblins
  4 quokkas
  7 ball pythons
  7 bats
  3 frilled lizards
  12 kobolds
  2 rats
180 creatures vanquished.

Notes
Turn   | Place    | Note
-------+----------+-------------------------------------------
     0 | D:1      | ryw the Gnoll Reaver began the quest for the Orb.
     0 | D:1      | Reached XP level 1. HP: 20/20 MP: 6/6
   530 | D:1      | Reached XP level 2. HP: 26/26 MP: 7/7
   533 | D:1      | Learned a level 2 spell: Momentum Strike
  1103 | D:2      | Reached skill level 5 in Spellcasting
  1103 | D:2      | Reached XP level 3. HP: 31/31 MP: 5/9
  1107 | D:2      | Learned a level 3 spell: Hailstorm
  1189 | D:2      | Reached skill level 1 in Invocations
  1627 | D:2      | Found a runed translucent door.
  1628 | D:2      | Noticed Crazy Yiuf
  1847 | D:3      | Reached skill level 1 in Short Blades
  1847 | D:3      | Reached skill level 1 in Long Blades
  1847 | D:3      | Reached skill level 1 in Maces & Flails
  1847 | D:3      | Reached skill level 1 in Polearms
  1847 | D:3      | Reached skill level 1 in Staves
  1847 | D:3      | Reached skill level 1 in Ranged Weapons
  1847 | D:3      | Reached skill level 1 in Throwing
  1847 | D:3      | Reached skill level 1 in Armour
  1847 | D:3      | Reached skill level 1 in Stealth
  1847 | D:3      | Reached skill level 1 in Shields
  1847 | D:3      | Reached skill level 1 in Unarmed Combat
  1847 | D:3      | Reached skill level 1 in Evocations
  1917 | D:3      | Reached skill level 1 in Hexes
  1917 | D:3      | Reached skill level 1 in Summonings
  1917 | D:3      | Reached skill level 1 in Necromancy
  1917 | D:3      | Reached skill level 1 in Translocations
  1917 | D:3      | Reached skill level 1 in Transmutations
  1917 | D:3      | Reached skill level 1 in Fire Magic
  1917 | D:3      | Reached skill level 1 in Ice Magic
  1917 | D:3      | Reached skill level 1 in Air Magic
  1917 | D:3      | Reached skill level 1 in Earth Magic
  1917 | D:3      | Reached skill level 1 in Poison Magic
  1917 | D:3      | Reached XP level 4. HP: 33/38 MP: 6/11
  2010 | D:3      | Found a runed translucent gate.
  2010 | D:3      | Found an opulent altar of Gozag.
  2013 | D:3      | Found a runed translucent gate.
  2017 | D:3      | Found a runed translucent gate.
  2021 | D:3      | Noticed baller8008's ghost (amateur HOFi)
  2484 | D:4      | Identified the +1 ring mail of the Tundras {rPois rC+
                  | Slay+5}
  2507 | D:4      | Noticed Sigmund
  2514 | D:4      | Killed Sigmund
  2515 | D:4      | Reached skill level 5 in Fighting
  2515 | D:4      | Reached skill level 5 in Dodging
  2515 | D:4      | Reached XP level 5. HP: 38/44 MP: 7/12
  2515 | D:4      | Reached XP level 6. HP: 45/51 MP: 8/14
  2524 | D:4      | Identified the +4 trident "Beetlebane" {holy, Will++
                  | Stlth+}
  2649 | D:4      | Identified the ring of Luekhlemo {Fly rElec Dex+4}
  2702 | D:4      | Reached skill level 7 in Axes
  2702 | D:4      | Reached XP level 7. HP: 27/56 MP: 15/15
  3335 | D:5      | Entered Level 5 of the Dungeon
  3369 | D:5      | Noticed Grinder
  3376 | D:5      | Killed Grinder
  3377 | D:5      | Reached XP level 8. HP: 49/63 MP: 13/17
  3606 | D:5      | Found an ornate altar of the Wu Jian Council.
  3606 | D:5      | Found a sacrificial altar of Ru.
  3893 | D:5      | Found Ipeg's Armour Shoppe.
  3910 | D:5      | Bought a scarf of invisibility for 144 gold pieces
  3971 | D:5      | Learned a level 4 spell: Dispel Undead
  4048 | D:5      | Found a glowing golden altar of the Shining One.
  4326 | D:6      | Found a staircase to the Ecumenical Temple.
  4342 | Temple   | Entered the Ecumenical Temple
  4408 | Temple   | Became a worshipper of Makhleb the Destroyer
  4539 | D:6      | Reached XP level 9. HP: 67/69 MP: 18/18
  4726 | D:6      | Found a snail-covered altar of Cheibriados.
  4776 | D:6      | Found a white marble altar of Elyvilon.
  4881 | D:6      | Found a hazy altar of Hepliaklqana.
  5121 | D:7      | Found Cuxuf's Jewellery Emporium.
  5243 | D:7      | Identified the +6 sling of Dung {drain, *Slow rC+ Int+7}
  5311 | D:7      | Reached skill level 8 in Axes
  5476 | D:7      | Found a radiant altar of Vehumet.
  5554 | D:7      | Reached skill level 5 in Invocations
  5945 | D:8      | Found a staircase to the Lair.
  5954 | D:8      | Reached * piety under Makhleb
  6182 | D:8      | Learned a level 3 spell: Confusing Touch
  6698 | D:8      | Reached skill level 5 in Short Blades
  6698 | D:8      | Reached skill level 5 in Long Blades
  6698 | D:8      | Reached skill level 5 in Maces & Flails
  6698 | D:8      | Reached skill level 5 in Polearms
  6698 | D:8      | Reached skill level 5 in Staves
  6698 | D:8      | Reached skill level 5 in Ranged Weapons
  6698 | D:8      | Reached skill level 5 in Throwing
  6698 | D:8      | Reached skill level 5 in Armour
  6698 | D:8      | Reached skill level 5 in Stealth
  6698 | D:8      | Reached skill level 5 in Shields
  6698 | D:8      | Reached skill level 5 in Unarmed Combat
  6698 | D:8      | Reached skill level 5 in Evocations
  6698 | D:8      | Reached XP level 10. HP: 55/77 MP: 20/20
  7089 | D:9      | Reached ** piety under Makhleb
  7361 | D:9      | Noticed a two-headed ogre
  7365 | D:9      | Killed a two-headed ogre
  7836 | D:9      | Found a staircase to the Orcish Mines.
  7949 | D:9      | Found a runed translucent door.
  7949 | D:9      | Noticed a manticore
  7950 | D:9      | Noticed a boulder beetle
  7967 | D:9      | Slain by a manticore

Illustrated notes

Levels and vault maps discovered:
D:1:      onia_arrival_pentagram, layout_basic, nrook_mini_backslash
D:2:      layout_loops_ring, patterned_corridor, uniq_crazy_yiuf_cottage
D:3:      layout_basic, ebering_ghost_gozag
D:4:      layout_gridville, minmay_misc_feat_nine_boxes, uniq_sigmund
D:5:      nicolae_cairo_tiling_large_dashed, layout_basic,
          amcnicky_altar_gilded, amethyst_overflow_temple_binary, serial_shops,
          nicolae_diamond_shop, ebering_dispersal_statue_hall, grunt_tough_drop,
          uniq_grinder
D:6:      layout_cave_pools, nicolae_hepliaklqana_hippocampus,
          mainiacjoe_overflow_two_lobes, minmay_temple_entry_trees
D:7:      layout_basic, general_overflow_altar, serial_shops, shop,
          serial_glass, glass_columns_a, glass_columns_b,
          minmay_strange_pillars, item_on_display_a
D:8:      layout_loops_corners, dpeg_oklobed_lair, the_hattery
D:9:      layout_irregular_city, david_orc_4, minivault_13
Temple:   dpeg_chambers_temple

Skill      XL: |  1  2  3  4  5  6  7  8  9 10 |
---------------+-------------------------------+-----
Spellcasting   | 5 6 7 |  7.7
Invocations    | 1 2 3 4 5 6 |  6.3
Short Blades   | 1 2 3 5 |  5.7
Long Blades    | 1 2 3 5 |  5.7
Maces & Flails | 1 2 3 5 |  5.7
Polearms       | 1 2 3 5 |  5.7
Staves         | 1 2 3 5 |  5.7
Ranged Weapons | 1 2 3 5 |  5.7
Throwing       | 1 2 3 5 |  5.7
Armour         | 1 2 3 5 |  5.7
Stealth        | 1 2 3 5 |  5.7
Shields        | 1 2 3 5 |  5.7
Unarmed Combat | 1 2 3 5 |  5.7
Evocations     | 1 2 3 5 |  5.7
Hexes          | 1 2 3 4 |  4.7
Summonings     | 1 2 3 4 |  4.7
Necromancy     | 1 2 3 4 |  4.7
Translocations | 1 2 3 4 |  4.7
Transmutations | 1 2 3 4 |  4.7
Fire Magic     | 1 2 3 4 |  4.7
Ice Magic      | 1 2 3 4 |  4.7
Air Magic      | 1 2 3 4 |  4.7
Earth Magic    | 1 2 3 4 |  4.7
Poison Magic   | 1 2 3 4 |  4.7
Fighting       | 5 6 7 |  7.4
Dodging        | 5 6 7 |  7.4
Axes           | 7 8 |  8.8
Conjurations   | 6 7 |  7.3

Action                   |  1- 3 |  4- 6 |  7- 9 | 10-12 || total
-------------------------+-------+-------+-------+-------++-------
Melee: Hand axe          |    68 |    29 |       |       ||    97
       Bite              |     7 |     5 |    14 |    10 ||    36
       Punch             |     2 |       |     4 |       ||     6
       Trident           |       |     9 |   165 |   104 ||   278
 Fire: Sling             |     6 |     2 |    80 |    25 ||   113
 Cast: Momentum Strike   |    12 |     3 |     4 |     2 ||    21
       Kiss of Death     |     1 |       |       |       ||     1
       Confusing Touch   |       |       |       |     2 ||     2
  Use: Potion            |     2 |       |       |     2 ||     4
       Scroll            |       |       |    16 |     1 ||    17
 Stab: Sleeping          |       |     1 |     8 |       ||     9
       Distracted        |       |       |     1 |       ||     1
       Confused          |       |       |       |     2 ||     2
Armor: Leather armour    |    23 |     3 |       |       ||    26
       Ring mail         |       |     4 |    49 |    58 ||   111
Dodge: Dodged            |    42 |    19 |    76 |    84 ||   221
Block: Other             |    17 |     8 |    36 |       ||    61
       Reflection        |     2 |       |     2 |     2 ||     6
       Orb               |       |       |     3 |    31 ||    34

Table legend: (Time is in decaauts)
 A = Elapsed time spent in this place.
 B = Non-inter-level travel time spent in this place.
 C = Inter-level travel time spent in this place.
 D = Time resting spent in this place.
 E = Time spent auto-exploring this place.
 F = Levels seen in this place.
 G = Mean time per level.
                   A        B        C        D        E       F      G
               +--------+--------+--------+--------+--------+-----+--------+
         Total |   8049 |   7729 |    320 |    295 |   6160 |  10 |  804.9 |
       Dungeon |   7924 |   7631 |    293 |    295 |   6095 |   9 |  880.4 |
        Temple |    124 |     97 |     27 |      0 |     65 |   1 |  124.0 |
               +--------+--------+--------+--------+--------+-----+--------+

Top non-repeatable levels by time:
     D:8: 1114 daAuts
     D:2: 998 daAuts
     D:5: 997 daAuts
     D:9: 984 daAuts
     D:4: 887 daAuts
     D:7: 845 daAuts
     D:1: 838 daAuts
     D:6: 645 daAuts
     D:3: 613 daAuts
  Temple: 124 daAuts
